 Dungeon Crawl Stone Soup version 0.19.0-9-gfd783f2 (webtiles) character file.

12 AAAAA the Grasshopper (level 2, 0/19 HPs)
             Began as an Octopode Warper on Nov 7, 2016.
             Killed from afar by Blork the orc (8 damage)
             ... with a puff of flame
             ... on level 4 of the Dungeon.
             The game lasted 00:01:51 (472 turns).

AAAAA the Grasshopper (Octopode Warper)              Turns: 472, Time: 00:01:52

Health: 0/19       AC:  1    Str: 10    XL:     2   Next: 33%
Magic:  5/5        EV: 13    Int: 15    God:
Gold:   62         SH:  0    Dex: 11    Spells: 1 memorised, 3 levels left

rFire  . . .     SeeInvis .       - Unarmed
rCold  . . .     Gourm    .     (no shield)
rNeg   . . .     Faith    .     (helmet restricted)
rPois  .         Spirit   .     (no amulet)
rElec  .         Reflect  .     n - ring of resist corrosion
rCorr  +         Harm     .     (no ring)
MR     .....                    (no ring)
Stlth  +++.......               (no ring)
                                (no ring)
                                (no ring)
                                (no ring)
                                (no ring)

@: no status effects
A: almost no armour, stealthy swim, amphibious, 8 rings, constrict 8, camouflage
1, gelatinous body 1
a: no special abilities


You were on level 4 of the Dungeon.
You were not hungry.

You visited 1 branch of the dungeon, and saw 4 of its levels.

You collected 62 gold pieces.

Inventory:

Missiles
 c - 5 tomahawks of dispersal (quivered)
 i - 3 curare-tipped needles
 m - 6 poisoned needles
Jewellery
 n - a ring of resist corrosion (left tentacle)
Scrolls
 b - a scroll of blinking
 f - a scroll of teleportation {unknown}
 g - a scroll of remove curse {unknown}
 j - a scroll of fog {unknown}
 k - 2 scrolls of identify {unknown}
 o - a scroll of recharging {unknown}
Potions
 e - 2 potions of degeneration {unknown}
Books
 a - a book of Spatial Translocations

   Spells                             Type                      Level
   a - Blink                          Translocation                2
   b - Shroud of Golubria             Charms/Translocation         2
   c - Lesser Beckoning               Translocation                3
   d - Portal Projectile              Translocation                3
   e - Teleport Other                 Translocation                3
   f - Passage of Golubria            Translocation                4
Comestibles
 d - a bread ration
 h - 5 chunks of flesh
 l - a royal jelly


   Skills:
 - Level 2.0 Fighting
 - Level 1.0 Throwing
 - Level 2.3 Dodging
 + Level 2.8 Stealth
 - Level 2.0 Unarmed Combat
 - Level 2.0 Spellcasting
 - Level 3.0 Translocations


You had 3 spell levels left.
You knew the following spells:

 Your Spells              Type           Power        Failure   Level  Hunger
a - Blink                 Tloc           N/A          12%         2    ###....


Dungeon Overview and Level Annotations

Branches:
Dungeon (4/15)
 Temple: D:4-7

Altars:

Annotations:
D:4 Blork the orc


Innate Abilities, Weirdness & Mutations

You cannot wear most types of armour.
You are very stealthy in the water. (Stealth+)
You are amphibious.
You can wear up to eight rings at the same time.
You can use your tentacles to constrict eight enemies at once.
Your skin changes colour to match your surroundings (Stealth+).
Your rubbery body absorbs attacks. (AC +1, EV +1)


Message History

The orc hits you.
You tentacle-slap the orc but do no damage.
The orc is moderately wounded.
You constrict the orc. The orc misses you.
You tentacle-slap the orc.
You kill the orc!
You see here an orc corpse.
You butcher the orc corpse.
h - 6 chunks of flesh (gained 1)
There is a stone staircase leading up here.
There is a stone staircase leading up here.
Some of the chunks of flesh in your inventory have rotted away.
Blork the orc comes into view.
He is wielding a war axe.
Blork the orc shouts!
Blork the orc begins to cast a cantrip, but forgets the words!
Blork the orc casts a spell.
Blork the orc seems to speed up.
Blork the orc points at you and mumbles some strange words.
The puff of flame hits you!
You die...

#.........
#...... #.....#
#.o### ###..##
##..### ##...##
###### ###..##
######....#
##.@###..<...<.#
###.........###
##.....####
##...## ###...#
##...# #....
#.... ....


You could see Blork the orc.

Vanquished Creatures
  An orc (D:4)
  2 hobgoblins
  A kobold (D:2)
  2 quokkas (D:2)
  A bat (D:2)
  3 frilled lizards
  A rat (D:1)
11 creatures vanquished.

Notes
Turn   | Place    | Note
-------+----------+-------------------------------------------
     0 | D:1      | AAAAA the Octopode Warper began the quest for the Orb.
     0 | D:1      | Reached XP level 1. HP: 14/14 MP: 3/3
   224 | D:2      | Reached skill level 1 in Stealth
   287 | D:2      | Reached XP level 2. HP: 16/19 MP: 5/5
   299 | D:2      | Learned a level 2 spell: Blink
   464 | D:4      | Noticed Blork the orc
   472 | D:4      | Killed from afar by Blork the orc

Skill      XL: |  1 |
---------------+----+-----
Stealth        | 2 |  2.8
Fighting       | |  2.0
Throwing       | |  1.0
Dodging        | |  2.3
Unarmed Combat | |  2.0
Spellcasting   | |  2.0
Translocations | |  3.0

Action                   || total
-------------------------++-------
Melee: Unarmed           ||    29
       Constrict         ||     7
       Tentacles         ||     4
 Stab: Sleeping          ||     1
Armor: Skin              ||     1
Dodge: Dodged            ||    21
